 Dungeon Crawl Stone Soup version 0.31-a0-636-ge1c0e020e0 (webtiles) character file.

Game seed: 375981305553289146

812 bobarctor the Grave Robber (level 7, -1/46 HPs)
             Began as a Demonspawn Necromancer on Aug 26, 2023.
             Killed by nerve-wracking pain
             ... invoked by Menkaure
              (5 damage)
             ... on level 4 of the Dungeon.
             The game lasted 00:17:51 (3803 turns).

bobarctor the Grave Robber (Demonspawn Necromancer) Turns: 3803, Time: 00:17:53

Health: -1/46      AC:  2    Str:  9    XL:     7   Next: 61%
Magic:  14/14      EV: 13    Int: 18    God:
Gold:   76         SH:  0    Dex: 13    Spells: 3/16 levels left

rFire   . . .        g - +0 short sword
rCold   . . .        (no shield)
rNeg    . . .        a - +0 robe
rPois   .            (helmet restricted)
rElec   .            (no cloak)
rCorr   .            (no gloves)
SInv    .            (no boots)
Will    .....        l - amulet of magic regeneration
Stlth   ++           (no ring)
HPRegen 0.27/turn    (no ring)
MPRegen 0.54/turn

%: no passive effects
@: no status effects
A: horns 1, foul stench 1, sturdy frame 1
a: no special abilities


You were on level 4 of the Dungeon.
You visited 1 branch of the dungeon, and saw 4 of its levels.

You collected 102 gold pieces.
You spent 26 gold pieces at shops.

Inventory:

Hand Weapons
 g - a +0 short sword (weapon)
Missiles
 f - 26 stones
 j - 5 poisoned darts
Armour
 a - a +0 robe (worn)
 v - a +0 helmet
Magical Staves
 i - a staff of fire
Jewellery
 c - a ring of ice
 l - an amulet of magic regeneration (around neck)
Scrolls
 e - a scroll of enchant armour {unknown}
 h - 2 scrolls of amnesia {unknown}
 p - a scroll of butterflies {unknown}
 s - a scroll of fear {unknown}
 t - 2 scrolls of noise {unknown}
 u - 2 scrolls of poison {unknown}
 w - 2 scrolls of teleportation {unknown}
 x - a scroll of vulnerability {unknown}
 y - a scroll of blinking {unknown}
Potions
 b - 3 potions of magic
 k - 3 potions of heal wounds {unknown}
 m - a potion of enlightenment {unknown}
 n - a potion of ambrosia {unknown}
 o - a potion of mutation {unknown}
 q - 2 potions of haste
 r - a potion of attraction {unknown}


   Skills:
 + Level 3.8 Dodging
 + Level 4.1 Stealth
 * Level 5.3 Spellcasting
 + Level 6.1 Necromancy


You had 3 spell levels left.
You knew the following spells:

 Your Spells              Type           Power      Damage    Failure   Level
a - Necrotise             Necr           100%       1d9       1%          1
b - Vampiric Draining     Necr           26%        2d7       3%          3
c - Animate Dead          Necr           26%        N/A       11%         4
d - Agony                 Necr           26%        N/A       28%         5

Your spell library contained the following spells:

 Spells                   Type           Power      Damage    Failure   Level


Dungeon Overview and Level Annotations

Branches:
Dungeon (4/15)
 Temple: D:4-7

Altars:
Hepliaklqana

Shops:
D:3 !=?

Annotations:
D:3 Grinder
D:4 Menkaure


Innate Abilities, Weirdness & Mutations

You have a pair of small horns on your head.
You may rarely emit foul miasma when damaged in melee.
Your movements are slightly less encumbered by armour. (ER -2)


Message History

Your scorpion zombie is destroyed!
You barely miss Menkaure.
Menkaure is moderately damaged.
Menkaure's ankle releases a plume of dust as he confides, "I'm not really a mummy, you know."
Menkaure calls on the powers of darkness!
Your body is wracked with pain!
You hit Menkaure. Your headbutt misses Menkaure.
Menkaure is moderately damaged.
Menkaure closely misses you.
You barely miss Menkaure.
Menkaure is moderately damaged.
Menkaure barely misses you.
You hit Menkaure.
Menkaure is heavily damaged.
Menkaure closely misses you.
You hit Menkaure.
Menkaure is severely damaged.
Menkaure hits you!!
* * * LOW HITPOINT WARNING * * *
Menkaure closely misses you.
You feel better. Menkaure closely misses you.
You barely miss Menkaure.
Menkaure is severely damaged.
Menkaure closely misses you.
You hit Menkaure but do no damage.
Menkaure is severely damaged.
Menkaure gestures at you while chanting.
Pain shoots through your body!
* * * LOW HITPOINT WARNING * * *
You barely miss Menkaure. You headbutt Menkaure.
Menkaure is severely damaged.
Menkaure barely misses you.
You hit Menkaure but do no damage. You headbutt Menkaure.
Menkaure is almost destroyed.
Menkaure calls on the powers of darkness!
Your body is wracked with pain!
* * * LOW HITPOINT WARNING * * *
Menkaure gestures at you while chanting.
Pain shoots through your body!
You die...

#.........#
#......###..#.#
#.........#
#......#......#####
#.........#
#.....>...####....#
#.........# M#.# #.##.#
#......#### .#. #.#
#......# .# #.#
#......# .# #.#
#......###########.#
#.#
#..............)@M.##.#
#.#
#......##############.#
#.# ######.# #.# #.#
#.# #.# #.# #.# #.#
#.###### #.# #.#
#....... #.#
####.###########
######.#
#.......[.......
.......#
#.##.###########


You could see Menkaure (fast).

Vanquished Creatures
  An ogre (D:4)
  2 scorpions (D:4)
  A hound (D:4)
  Jessica (D:2)
  3 iguanas (D:4)
  A sleepcap (D:4)
  Natasha (thrice) (D:2)
  4 gnolls (D:3)
  2 adders
  A worm (D:2)
  3 dart slugs
  An orc (D:4)
  10 ball pythons
  7 endoplasms
  2 giant cockroaches (D:3)
  2 goblins
  7 hobgoblins
  A quokka (D:2)
  4 bats
  3 frilled lizards (D:2)
  6 kobolds
  11 rats
76 creatures vanquished.

Vanquished Creatures (collateral kills)
  Sigmund (D:2)
  A phantom (D:4)
  A worm (D:4)
  A dart slug (D:2)
  An orc (D:4)
  A ball python (D:4)
  An endoplasm (D:1)
  A goblin (D:4)
  A rat (D:2)
9 creatures vanquished.

Vanquished Creatures (others)
  A scorpion zombie (D:4)
  An iguana zombie (D:4)
2 creatures vanquished.

Grand Total: 87 creatures vanquished

Notes
Turn   | Place    | Note
-------+----------+-------------------------------------------
     0 | D:1      | bobarctor the Demonspawn Necromancer began the quest for
                  | the Orb.
     0 | D:1      | Reached XP level 1. HP: 13/13 MP: 3/3
   334 | D:1      | Gained mutation: Your movements are slightly less
                  | encumbered by armour. (ER -2) [demonic ancestry]
   334 | D:1      | Reached XP level 2. HP: 19/19 MP: 0/5
  1026 | D:2      | Noticed Sigmund
  1065 | D:2      | Reached XP level 3. HP: 24/24 MP: 3/6
  1084 | D:2      | Learned a level 3 spell: Vampiric Draining
  1096 | D:2      | Killed Sigmund
  1097 | D:2      | Reached skill level 5 in Necromancy
  1097 | D:2      | Reached XP level 4. HP: 11/30 MP: 3/9
  1097 | D:2      | Reached XP level 5. HP: 13/35 MP: 3/10
  1194 | D:2      | Noticed Jessica
  1305 | D:2      | Killed Jessica
  1345 | D:2      | Learned a level 4 spell: Animate Dead
  1557 | D:2      | Noticed Natasha
  1564 | D:2      | Killed Natasha
  1565 | D:2      | Gained mutation: You may rarely emit foul miasma when
                  | damaged in melee. [demonic ancestry]
  1565 | D:2      | Reached XP level 6. HP: 41/41 MP: 8/11
  1813 | D:2      | Noticed Natasha
  1818 | D:2      | Killed Natasha
  1849 | D:2      | Noticed Natasha
  1856 | D:2      | Killed Natasha
  2072 | D:3      | Found Taeborof's Magic Scroll Emporium.
  2079 | D:3      | Bought a scroll of identify for 26 gold pieces
  2214 | D:3      | Found Cotyoph's Jewellery Emporium.
  2656 | D:3      | Found Luiginic's Distillery.
  2724 | D:3      | Noticed Grinder
  2745 | D:3      | Paralysed by Grinder for 2 turns
  2754 | D:3      | Paralysed by Grinder for 2 turns
  2766 | D:3      | Paralysed by Grinder for 2 turns
  2991 | D:4      | Learned a level 5 spell: Agony
  3086 | D:4      | Found a hazy altar of Hepliaklqana.
  3183 | D:4      | Noticed Menkaure
  3314 | D:4      | Gained mutation: You have a pair of small horns on your
                  | head. [demonic ancestry]
  3314 | D:4      | Reached XP level 7. HP: 46/46 MP: 11/14
  3336 | D:4      | Reached skill level 5 in Spellcasting
  3357 | D:4      | Reached skill level 6 in Necromancy
  3803 | D:4      | Killed from afar by Menkaure

Illustrated notes

Levels and vault maps discovered:
D:1:      lemuel_arrival_broad_hall, layout_basic, feat_on_display
D:2:      layout_rooms, serial_curves, eino_curves_04, eino_curves_04,
          eino_curves_03, uniq_natasha, uniq_sigmund, uniq_jessica
D:3:      kennysheep_six_static_rooms, layout_loops_corners, serial_shops,
          nicolae_shop_waterfront, shop, shop, uniq_grinder
D:4:      minmay_chambers_of_threes, layout_basic, mainiacjoe_overflow_brackets,
          uniq_menkaure

Skill      XL: |  1  2  3  4  5  6  7 |
---------------+----------------------+-----
Stealth        | 2 3 4 |  4.1
Dodging        | 2 3 |  3.8
Spellcasting   | 3 4 5 |  5.3
Necromancy     | 5 6 |  6.1

Action                     |  1- 3 |  4- 6 |  7- 9 || total
---------------------------+-------+-------+-------++-------
  Melee: Short sword       |    17 |    24 |    20 ||    61
         Punch             |       |     2 |       ||     2
         Headbutt          |       |       |     4 ||     4
  Throw: Dart              |       |     2 |       ||     2
   Cast: Necrotise         |    39 |    88 |    17 ||   144
         Vampiric Draining |     2 |     5 |     1 ||     8
         Animate Dead      |       |     1 |     1 ||     2
    Use: Scroll            |       |     3 |       ||     3
         Potion            |       |     1 |     1 ||     2
   Stab: Distracted        |     1 |       |     1 ||     2
         Sleeping          |       |       |     1 ||     1
 Armour: Robe              |     3 |     8 |     3 ||    14
  Dodge: Dodged            |    11 |    24 |    13 ||    48

Table legend: (Time is in decaauts)
 A = Elapsed time spent in this place.
 B = Non-inter-level travel time spent in this place.
 C = Inter-level travel time spent in this place.
 D = Time resting spent in this place.
 E = Time spent auto-exploring this place.
 F = Levels seen in this place.
 G = Mean time per level.
                   A        B        C        D        E       F      G
               +--------+--------+--------+--------+--------+-----+--------+
         Total |   3811 |   3685 |    126 |    294 |   2559 |   4 |  952.8 |
       Dungeon |   3811 |   3685 |    126 |    294 |   2559 |   4 |  952.8 |
               +--------+--------+--------+--------+--------+-----+--------+

Top non-repeatable levels by time:
     D:1: 1149 daAuts
     D:4: 993 daAuts
     D:3: 861 daAuts
     D:2: 806 daAuts
